3A
KENNESAW JETS @ SYRACUSE STORM
07/01/2042
 
TOP OF THE 1ST
Kennesaw Jets batting - Pitching for Syracuse Storm : RHP Kwan-yew Khu
Pitching: RHP Kwan-yew Khu
Batting: RHB Jack Plumb 0-0: Called Strike
0-1: Ball
1-1: Ball
2-1: Called Strike
2-2: Ball
3-2: Ground out 1-3 (Groundball, 15S, EV 68.1 MPH)
Batting: RHB Pancho Hernández 0-0: DOUBLE (Groundball, 5L, EV 110.0 MPH)
Batting: RHB Rubén Nuañez 0-0: Called Strike
0-1: Ball
1-1: Ball
2-1: Called Strike
2-2: Ball
3-2: Strikes out swinging
Batting: LHB Adrian Beard 0-0: Called Strike
0-1: Called Strike
0-2: Strikes out swinging
Top of the 1st over - 0 runs, 1 hit, 0 errors, 1 left on base; Kennesaw 0 - Syracuse 0
BOTTOM OF THE 1ST
Syracuse Storm batting - Pitching for Kennesaw Jets : RHP José Jiménez
Pitching: RHP José Jiménez
Batting: LHB Felipe Tovar 0-0: Ground out 4-3 (Groundball, 34, EV 100.6 MPH)
Batting: RHB Jacob James 0-0: Swinging Strike
0-1: Foul Ball, location: 2F
0-2: Strikes out swinging
Batting: LHB Francisco Romero 0-0: Foul Ball, location: 2F
0-1: Foul Ball, location: 2F
0-2: Fly out, F7 (Flyball, 78S, EV 93.1 MPH)
Bottom of the 1st over - 0 runs, 0 hits, 0 errors, 0 left on base; Kennesaw 0 - Syracuse 0
TOP OF THE 2ND
Kennesaw Jets batting - Pitching for Syracuse Storm : RHP Kwan-yew Khu
Batting: RHB Will Gamble 0-0: Called Strike
0-1: Ball
1-1: Ball
2-1: Ball
3-1: Base on Balls
Batting: LHB José Costa 0-0: Called Strike
0-1: Grounds into double play, 4-6-3 (Groundball, 4, EV 103.1 MPH)
Batting: RHB Maurice Wrightson 0-0: Ball
1-0: Called Strike
1-1: Fly out, F8 (Flyball, 78D, EV 98.8 MPH)
Top of the 2nd over - 0 runs, 0 hits, 0 errors, 0 left on base; Kennesaw 0 - Syracuse 0
BOTTOM OF THE 2ND
Syracuse Storm batting - Pitching for Kennesaw Jets : RHP José Jiménez
Batting: LHB Zak Makepeace 0-0: Ball
1-0: Foul Ball, location: 2F
1-1: Fly out, F5 (Popup, 25F, EV 88.8 MPH)
Batting: LHB Gabriel Serrano 0-0: Foul Ball, location: 2F
0-1: Called Strike
0-2: Ball
1-2: Ground out 4-3 (Groundball, 4, EV 84.4 MPH)
Batting: LHB Trevor Smith 0-0: Ball
1-0: Ball
2-0: Swinging Strike
2-1: Ball
3-1: Fly out, F9 (Flyball, 89S, EV 86.2 MPH)
Bottom of the 2nd over - 0 runs, 0 hits, 0 errors, 0 left on base; Kennesaw 0 - Syracuse 0
TOP OF THE 3RD
Kennesaw Jets batting - Pitching for Syracuse Storm : RHP Kwan-yew Khu
Batting: RHB Pepe Rodríguez 0-0: Ball
1-0: SOLO HOME RUN (Flyball, 7LD, EV 104.4 MPH), Distance : 341 ft
Batting: RHB Wally Harrison 0-0: Ball
1-0: Called Strike
1-1: Ball
2-1: Ball
3-1: Fly out, F8 (Line Drive, 8RM, EV 90.0 MPH)
Batting: RHB Jack Plumb 0-0: Ball
1-0: Ball
2-0: TRIPLE (Flyball, 89XD, EV 90.0 MPH)
Batting: RHB Pancho Hernández 0-0: Called Strike
0-1: Fly out, F7 (Flyball, 78M, EV 73.8 MPH)
Runner from 3rd tags up, SCORES, no throw by LF
Batting: RHB Rubén Nuañez 0-0: Ground out 6-3 (Groundball, 6S, EV 83.8 MPH)
Top of the 3rd over - 2 runs, 2 hits, 0 errors, 0 left on base; Kennesaw 2 - Syracuse 0
BOTTOM OF THE 3RD
Syracuse Storm batting - Pitching for Kennesaw Jets : RHP José Jiménez
Batting: RHB Takeichi Hashimoto 0-0: Foul Ball, location: 2F
0-1: Ball
1-1: Ball
2-1: Ball
3-1: Foul Ball, location: 2F
3-2: Strikes out swinging
Batting: LHB Kenny Jones 0-0: Ball
1-0: Ball
2-0: Called Strike
2-1: Foul Ball, location: 2F
2-2: Ball
3-2: Strikes out looking
Batting: RHB Richard Fowler 0-0: Called Strike
0-1: Ground out 4-3 (Groundball, 4, EV 101.2 MPH)
Bottom of the 3rd over - 0 runs, 0 hits, 0 errors, 0 left on base; Kennesaw 2 - Syracuse 0
TOP OF THE 4TH
Kennesaw Jets batting - Pitching for Syracuse Storm : RHP Kwan-yew Khu
Batting: LHB Adrian Beard 0-0: Swinging Strike
0-1: Ball
1-1: Foul Ball, location: 2F
1-2: SINGLE (Line Drive, 34D, EV 108.8 MPH)
Batting: RHB Will Gamble 0-0: Ball
1-0: Ball
2-0: Called Strike
2-1: Foul Ball, location: 2F
2-2: Ball
3-2: Foul Ball, location: 2F
3-2: Base on Balls
Adrian Beard to second
Batting: LHB José Costa 0-0: Fly out, F8 (Flyball, 8RS, EV 87.5 MPH)
Batting: RHB Maurice Wrightson 0-0: Called Strike
0-1: Called Strike
0-2: Fielders Choice at 2nd, 6-4 (Groundball, 56, EV 78.1 MPH)
Adrian Beard to third
Batting: RHB Pepe Rodríguez 0-0: Ball
1-0: Called Strike
1-1: Ball
2-1: Swinging Strike
2-2: Strikes out swinging
Top of the 4th over - 0 runs, 1 hit, 0 errors, 2 left on base; Kennesaw 2 - Syracuse 0
BOTTOM OF THE 4TH
Syracuse Storm batting - Pitching for Kennesaw Jets : RHP José Jiménez
Batting: LHB Felipe Tovar 0-0: Called Strike
0-1: Ball
1-1: SINGLE (Groundball, 4MD, EV 106.9 MPH)
Batting: RHB Jacob James 0-0: Fielders Choice at 2nd, 3-6 (Groundball, 34, EV 83.8 MPH)
Batting: LHB Francisco Romero 0-0: DOUBLE (Flyball, 8LXD, EV 106.9 MPH)
Jacob James to third
Runner from 3rd tries for Home, SAFE, no throw by CF
Batting: LHB Zak Makepeace 0-0: Ball
1-0: Ball
2-0: Ball
3-0: Base on Balls
Batting: LHB Gabriel Serrano 0-0: Called Strike
0-1: Grounds into double play, 4-6-3 (Groundball, 4M, EV 81.9 MPH)
Bottom of the 4th over - 1 run, 2 hits, 0 errors, 1 left on base; Kennesaw 2 - Syracuse 1
TOP OF THE 5TH
Kennesaw Jets batting - Pitching for Syracuse Storm : RHP Kwan-yew Khu
Batting: RHB Wally Harrison 0-0: Fly out, F4 (Popup, 4, EV 61.9 MPH)
Batting: RHB Jack Plumb 0-0: Called Strike
0-1: DOUBLE (Flyball, 8RXD, EV 89.4 MPH)
Batting: RHB Pancho Hernández 0-0: Ball
1-0: Ball
2-0: Ball
3-0: Base on Balls
Batting: RHB Rubén Nuañez 0-0: Ball
1-0: Ball
2-0: Ball
3-0: Called Strike
3-1: Foul Ball, location: 2F
3-2: Strikes out swinging
Batting: LHB Adrian Beard 0-0: Called Strike
0-1: Foul Ball, location: 2F
0-2: Foul Ball, location: 2F
0-2: Ball
1-2: Foul Ball, location: 2F
1-2: Ball
2-2: Ball
3-2: Fly out, F9 (Flyball, 9, EV 91.9 MPH)
Top of the 5th over - 0 runs, 1 hit, 0 errors, 2 left on base; Kennesaw 2 - Syracuse 1
BOTTOM OF THE 5TH
Syracuse Storm batting - Pitching for Kennesaw Jets : RHP José Jiménez
Batting: LHB Trevor Smith 0-0: Called Strike
0-1: Ball
1-1: Called Strike
1-2: Ball
2-2: Foul Ball, location: 2F
2-2: Foul Ball, location: 2F
2-2: Foul Ball, location: 2F
2-2: Ball
3-2: Foul Ball, location: 2F
3-2: Foul Ball, location: 2F
3-2: SINGLE (Groundball, 6D, EV 97.5 MPH)
Batting: RHB Takeichi Hashimoto 0-0: Ball
1-0: Ball
2-0: Called Strike
2-1: Ball
3-1: SINGLE (Groundball, 4MD, EV 103.1 MPH)
Trevor Smith to second
Batting: LHB Kenny Jones 0-0: Ball
1-0: Bunt missed!
1-1: Bunt missed!
1-2: Fly out, F8 (Flyball, 78M, EV 85.0 MPH)
Batting: RHB Richard Fowler 0-0: Ball
1-0: Ball
2-0: Swinging Strike
2-1: Swinging Strike
2-2: Strikes out swinging
Batting: LHB Felipe Tovar 0-0: Called Strike
0-1: Foul Ball, location: 2F
0-2: Ball
1-2: Foul Ball, location: 2F
1-2: Fielders Choice at 2nd, 5-4 (Groundball, 56, EV 91.9 MPH)
Bottom of the 5th over - 0 runs, 2 hits, 0 errors, 2 left on base; Kennesaw 2 - Syracuse 1
TOP OF THE 6TH
Kennesaw Jets batting - Pitching for Syracuse Storm : RHP Kwan-yew Khu
Batting: RHB Will Gamble 0-0: Called Strike
0-1: Foul Ball, location: 2F
0-2: Strikes out swinging
Batting: LHB José Costa 0-0: Foul Ball, location: 2F
0-1: Ball
1-1: Called Strike
1-2: Ball
2-2: Ground out 4-3 (Groundball, 4S, EV 67.5 MPH)
Batting: RHB Maurice Wrightson 0-0: Foul Ball, location: 2F
0-1: Foul Ball, location: 2F
0-2: Strikes out swinging
Top of the 6th over - 0 runs, 0 hits, 0 errors, 0 left on base; Kennesaw 2 - Syracuse 1
BOTTOM OF THE 6TH
Syracuse Storm batting - Pitching for Kennesaw Jets : RHP José Jiménez
Batting: RHB Jacob James 0-0: Fly out, F9 (Flyball, 9LS, EV 83.1 MPH)
Batting: LHB Francisco Romero 0-0: Ball
1-0: Called Strike
1-1: Swinging Strike
1-2: Ball
2-2: Foul Ball, location: 2F
2-2: Strikes out swinging
Batting: LHB Zak Makepeace 0-0: Swinging Strike
0-1: Called Strike
0-2: Strikes out swinging
Bottom of the 6th over - 0 runs, 0 hits, 0 errors, 0 left on base; Kennesaw 2 - Syracuse 1
TOP OF THE 7TH
Kennesaw Jets batting - Pitching for Syracuse Storm : RHP Kwan-yew Khu
Batting: RHB Pepe Rodríguez 0-0: Ball
1-0: Ball
2-0: Swinging Strike
2-1: Swinging Strike
2-2: Foul Ball, location: 2F
2-2: Ball
3-2: Foul Ball, location: 2F
3-2: Strikes out swinging
Batting: RHB Wally Harrison 0-0: Ball
1-0: Ball
2-0: Ball
3-0: Called Strike
3-1: SINGLE (Line Drive, 56D, EV 107.5 MPH)
Pitching: RHP Jonathan Downs
Batting: RHB Jack Plumb 0-0: Swinging Strike
0-1: Foul Ball, location: 2F
0-2: Ball
1-2: Foul Ball, location: 2F
1-2: Strikes out swinging
Batting: RHB Pancho Hernández 0-0: Fielders Choice at 2nd, 6-4 (Groundball, 6, EV 85.0 MPH)
Top of the 7th over - 0 runs, 1 hit, 0 errors, 1 left on base; Kennesaw 2 - Syracuse 1
BOTTOM OF THE 7TH
Syracuse Storm batting - Pitching for Kennesaw Jets : RHP José Jiménez
Batting: LHB Gabriel Serrano 0-0: Ground out 4-3 (Groundball, 4, EV 91.9 MPH)
Batting: LHB Trevor Smith 0-0: SINGLE (Groundball, 34D, EV 101.2 MPH)
Pinch Hitting: LHB Jorge Leyva 0-0: Fly out, F9 (Flyball, 89M, EV 86.2 MPH)
Batting: LHB Kenny Jones 0-0: Ball
1-0: Ball
2-0: Foul Ball, location: 2F
2-1: Fly out, F8 (Flyball, 8LS, EV 75.6 MPH)
Bottom of the 7th over - 0 runs, 1 hit, 0 errors, 1 left on base; Kennesaw 2 - Syracuse 1
TOP OF THE 8TH
Kennesaw Jets batting - Pitching for Syracuse Storm : RHP Jonathan Downs
Now at 3B: Jung Chong
Batting: RHB Rubén Nuañez 0-0: Foul Ball, location: 2F
0-1: Ground out 5-3 (Groundball, 56S, EV 78.8 MPH)
Batting: LHB Adrian Beard 0-0: Ground out 3-1 (Groundball, 34, EV 85.6 MPH)
Batting: RHB Will Gamble 0-0: Called Strike
0-1: Foul Ball, location: 2F
0-2: Ball
1-2: Ball
2-2: Strikes out looking
Top of the 8th over - 0 runs, 0 hits, 0 errors, 0 left on base; Kennesaw 2 - Syracuse 1
BOTTOM OF THE 8TH
Syracuse Storm batting - Pitching for Kennesaw Jets : RHP José Jiménez
Now in LF: Russ Boucher
Batting: RHB Richard Fowler 0-0: Swinging Strike
0-1: Ball
1-1: Ground out 6-3 (Groundball, 6, EV 86.9 MPH)
Batting: LHB Felipe Tovar 0-0: Foul Ball, location: 2F
0-1: Ground out 1-3 (Groundball, 15, EV 68.1 MPH)
Batting: RHB Jacob James 0-0: Called Strike
0-1: Ball
1-1: Called Strike
1-2: Ball
2-2: Fly out, F6 (Line Drive, 6, EV 67.5 MPH)
Bottom of the 8th over - 0 runs, 0 hits, 0 errors, 0 left on base; Kennesaw 2 - Syracuse 1
TOP OF THE 9TH
Kennesaw Jets batting - Pitching for Syracuse Storm : RHP Jonathan Downs
Batting: LHB José Costa 0-0: Swinging Strike
0-1: Ball
1-1: Foul Ball, location: 2F
1-2: SOLO HOME RUN (Flyball, 78XD, EV 91.9 MPH), Distance : 430 ft
Batting: RHB Maurice Wrightson 0-0: Ball
1-0: SOLO HOME RUN (Flyball, 7LD, EV 111.2 MPH), Distance : 349 ft
Batting: RHB Pepe Rodríguez 0-0: Ball
1-0: Fly out, F7 (Line Drive, 7, EV 107.5 MPH)
Batting: RHB Wally Harrison 0-0: Ball
1-0: Ground out U3 (Groundball, 3L, EV 90.0 MPH)
Batting: RHB Jack Plumb 0-0: Called Strike
0-1: SOLO HOME RUN (Flyball, 7LD, EV 104.4 MPH), Distance : 338 ft
Pitching: RHP Pete Bird
Batting: RHB Pancho Hernández 0-0: Called Strike
0-1: Ball
1-1: Ground out 6-3 (Groundball, 6, EV 110.6 MPH)
Top of the 9th over - 3 runs, 3 hits, 0 errors, 0 left on base; Kennesaw 5 - Syracuse 1
BOTTOM OF THE 9TH
Syracuse Storm batting - Pitching for Kennesaw Jets : RHP José Jiménez
Batting: LHB Francisco Romero 0-0: SOLO HOME RUN (Flyball, 9LD, EV 93.1 MPH), Distance : 361 ft
Pitching: RHP Britt Casey
Now at SS: Kaaleppi Möttölä
Now in RF: Scotty Forrest
Batting: LHB Zak Makepeace 0-0: Ball
1-0: Ball
2-0: Ball
3-0: Called Strike
3-1: Base on Balls
Batting: LHB Gabriel Serrano 0-0: Ball
1-0: Swinging Strike
1-1: Ball
2-1: Reached on error, E4 (Groundball, 4, EV 85.6 MPH)
Zak Makepeace to second
Batting: LHB Trevor Smith 0-0: Ball
1-0: Ball
2-0: Ball
3-0: Base on Balls
Zak Makepeace to third
Gabriel Serrano to second
Pinch Hitting: LHB Bruce Hampton 0-0: Called Strike
0-1: Foul Ball, location: 2F
0-2: Ball
1-2: Foul Ball, location: 2F
1-2: DOUBLE (Flyball, 78D, EV 109.4 MPH)
Zak Makepeace scores
Gabriel Serrano scores
Trevor Smith to third
Batting: LHB Kenny Jones 0-0: Intentional Walk
Pitching: LHP Manuel Silva
Pinch Hitting: RHB Gabriel De La Garza 0-0: Grounds into fielders choice 5-2 (Groundball, 56S, EV 91.2 MPH)
Bruce Hampton to third
Kenny Jones to second
Batting: LHB Felipe Tovar 0-0: Fly out, F7 (Flyball, 7S, EV 81.2 MPH)
Batting: RHB Jacob James 0-0: Ground out 2-3 (Groundball, 2L, EV 74.4 MPH)
Bottom of the 9th over - 3 runs, 2 hits, 1 error, 3 left on base; Kennesaw 5 - Syracuse 4
Friday, March 26th, 2021 - OOTP Baseball 20.8 Build 74